 Dungeon Crawl Stone Soup version 0.23.2-1-ga50397a6bc (webtiles) character file.

Game seed: 15942490369531946068

127 Hanswurst the Chopper (level 5, -2/47 HPs)
             Began as a Hill Orc Monk on May 17, 2019.
             Killed from afar by Natasha (6 damage)
             ... with a magic dart
             ... on level 3 of the Dungeon.
             The game lasted 00:13:58 (3157 turns).

Hanswurst the Chopper (Hill Orc Monk)               Turns: 3157, Time: 00:13:59

Health: -2/47      AC:  8    Str: 15    XL:     5   Next: 11%
Magic:  5/5        EV: 10    Int: 15    God:
Gold:   107        SH:  0    Dex: 13    Spells: 4/4 levels left

rFire    + . .     SeeInvis .   a - +0 hand axe
rCold    + . .     Gourm    .   (no shield)
rNeg     . . .     Faith    .   d - +0 scale mail (curse)
rPois    +         Spirit   .   u - +0 helmet
rElec    +         Reflect  .   (no cloak)
rCorr    +         Harm     .   (no gloves)
MR       .....                  m - +0 pair of boots
Stlth    ..........             (no amulet)
HPRegen  0.15/turn              (no ring)
MPRegen  0.09/turn              (no ring)

@: brilliant, resistant
A: no striking features
a: no special abilities


You were on level 3 of the Dungeon.
You were not hungry.

You visited 1 branch of the dungeon, and saw 3 of its levels.

You collected 107 gold pieces.

Inventory:

Hand Weapons
 a - a +0 hand axe (weapon)
 j - a +0 mace
Missiles
 h - 27 poisoned needles
Armour
 b - a +0 robe
 d - a cursed +0 scale mail (worn)
 m - a +0 pair of boots (worn)
 o - a +0 ring mail
 u - a +0 helmet (worn)
Scrolls
 f - 4 scrolls of amnesia {unknown}
 g - a scroll of blinking {unknown}
 i - a scroll of remove curse {unknown}
 k - 3 scrolls of identify {unknown}
 l - a scroll of fog {unknown}
 p - 3 scrolls of teleportation {unknown}
 q - a scroll of enchant armour {unknown}
Comestibles
 c - 9 rations
 t - 15 chunks of flesh


   Skills:
 + Level 4.4 Fighting
 + Level 5.8 Axes
 + Level 1.9 Armour
 + Level 2.8 Dodging
 + Level 1.5 Stealth


You had 4 spell levels left.
You didn't know any spells.
Your spell library was empty.

Dungeon Overview and Level Annotations

Branches:
Dungeon (3/15)

Altars:

Annotations:
D:3 Natasha, Terence


Message History

The shadow imp hits you but does no damage.
You completely miss Natasha.
Natasha is severely wounded.
You closely miss the shadow imp. Natasha claws you but does no damage.
The shadow imp barely misses you.
You hit Natasha but do no damage.
Natasha is severely wounded.
You hit the shadow imp but do no damage.
Natasha casts a spell at you. The magic dart hits you.
* * * LOW HITPOINT WARNING * * *
The shadow imp hits you.
* * * LOW HITPOINT WARNING * * *
The crimson imp grinds its teeth.
You closely miss Natasha.
Natasha is severely wounded.
Your scale mail prevents you from hitting the shadow imp.
Natasha stares at you and mumbles some strange words.
The magic dart hits you.
You die...

#.# #.#
###.)......... #.#
#.# #.##........
#.##### #.#
#.##.######.
#.#...# #.# #.##.#
##.
#####.#.#.###.#
#.##.# #..
#.........)...#
#.##.# #..
######....###.#
#.##.#####..
#....# #5#
#.##........
#....#
#@#####.##........
######
#.h5..............
#.#5.....).######.
###......).# #.
#........# #.
#........# #.
#........# #.
#........# #.
#........# #.


You could see Natasha, a crimson imp and 2 shadow imps.

Vanquished Creatures
  Robin (D:3)
  4 adders (D:2)
  2 worms (D:2)
  2 dart slugs (D:1)
  2 leopard geckos
  An orc (D:2)
  8 bats
  A giant cockroach (D:1)
  19 goblins
  8 hobgoblins
  2 jackals (D:1)
  6 kobolds
  2 frilled lizards (D:2)
  7 rats
65 creatures vanquished.

Notes
Turn   | Place    | Note
-------+----------+-------------------------------------------
     0 | D:1      | Hanswurst the Hill Orc Monk began the quest for the Orb.
     0 | D:1      | Reached XP level 1. HP: 19/19 MP: 1/1
   196 | D:1      | Reached XP level 2. HP: 22/27 MP: 2/2
   824 | D:1      | Reached XP level 3. HP: 26/33 MP: 3/3
  1400 | D:2      | Reached skill level 1 in Armour
  1670 | D:2      | Reached skill level 5 in Axes
  1759 | D:2      | Reached XP level 4. HP: 39/40 MP: 4/4
  2571 | D:3      | Noticed Terence
  2946 | D:3      | Noticed Natasha
  2946 | D:3      | Noticed Robin
  2993 | D:3      | Killed Robin
  2993 | D:3      | Reached XP level 5. HP: 43/47 MP: 5/5
  3157 | D:3      | Killed from afar by Natasha

Skill      XL: |  1  2  3 |
---------------+----------+-----
Fighting       | 4 |  4.4
Armour         | 1 |  1.9
Axes           | 5 |  5.8
Dodging        | |  2.8
Stealth        | |  1.5

Action                   |  1- 3 |  4- 6 || total
-------------------------+-------+-------++-------
Melee: Hand axe          |   141 |   137 ||   278
  Use: Potion            |       |     4 ||     4
  Eat: Chunk             |     3 |     4 ||     7
Armor: Scale mail        |    57 |    60 ||   117
       Robe              |     1 |       ||     1
Dodge: Dodged            |    84 |    67 ||   151
